 Dungeon Crawl Stone Soup version 0.26-a0-708-g17f3b190f9 (webtiles) character file.

Game seed: 6895804364139259767

16 vt the Sneak (level 2, -1/26 HPs)
             Began as a Hill Orc Delver on Oct 27, 2020.
             Slain by an adder zombie (3 damage)
             ... in an ossuary.
             The game lasted 00:02:00 (217 turns).

vt the Sneak (Hill Orc Delver)                       Turns: 217, Time: 00:02:01

Health: -1/26      AC:  3    Str: 14    XL:     2   Next: 54%
Magic:  2/2        EV: 11    Int: 10    God:
Gold:   0          SH:  0    Dex: 12    Spells: 1/1 levels left

rFire    . . .     SeeInvis .   a - +0 hand axe
rCold    . . .     Faith    .   (no shield)
rNeg     . . .     Spirit   .   b - +0 leather armour
rPois    .         Reflect  .   (no helmet)
rElec    .         Harm     .   (no cloak)
rCorr    .         Rampage  .   (no gloves)
MR       .....                  (no boots)
Stlth    ++........             (no amulet)
HPRegen  0.08/turn              (no ring)
MPRegen  0.08/turn              (no ring)

@: marked, hasted, very quick
A: no striking features
a: no special abilities


You were in an ossuary.
You visited 1 branch of the dungeon, and saw 1 of its levels.
You also visited: Ossuary.

Inventory:

Hand Weapons
 a - a +0 hand axe (weapon)
Armour
 b - a +0 leather armour (worn)
Wands
 g - a wand of digging (3)
Scrolls
 c - a scroll of fog
 e - a scroll of fear


   Skills:
 - Level 3.6 Fighting
 + Level 4.0 Axes
 - Level 1.6 Dodging
 - Level 4.1 Stealth


You had one spell level left.
You didn't know any spells.
Your spell library was empty.

Dungeon Overview and Level Annotations

Branches:
Dungeon (5/15)            Ossuary (1/1)
 Temple: D:4-7

Altars:


Message History

Really walk onto that alarm trap?
You set off the alarm!
The alarm trap emits a blaring wail!
The mark upon you grows brighter.
Found a gate leading back out of this place.
Unknown command.
Really walk onto that alarm trap?
You set off the alarm!
The alarm trap emits a blaring wail!
The mark upon you grows brighter.
Unknown command. 3 zombies come into view. 2 zombies come into view.
An orc zombie comes into view.
A hobgoblin zombie comes into view.
Unknown command.
A rat zombie comes into view.
You slash the rat zombie!
The rat zombie is almost destroyed.
An adder zombie comes into view.
The rat zombie bites you.
You are too injured to fight recklessly!
You slash the rat zombie!
You destroy the rat zombie!
Your Axes skill increases to level 4!
A mummy comes into view.
You hit the orc zombie.
The orc zombie is lightly damaged.
A rat zombie comes into view.
A goblin zombie comes into view.
A mummy comes into view.
The orc zombie hits you but does no damage.
You hit the orc zombie.
The orc zombie is almost destroyed.
The adder zombie barely misses you.
A goblin zombie comes into view.
You hit the adder zombie.
The adder zombie is lightly damaged.
You hit the orc zombie but do no damage.
You hit the rat zombie but do no damage.
The orc zombie hits you but does no damage.
The rat zombie bites you.
A centaur zombie comes into view.
The adder zombie closely misses you.
You barely miss the adder zombie.
The adder zombie is lightly damaged.
You hit the orc zombie.
You destroy the orc zombie!
You hit the rat zombie but do no damage.
The adder zombie closely misses you. The rat zombie closely misses you.
You hit the adder zombie.
The adder zombie is lightly damaged.
You barely miss the orc zombie. You barely miss the rat zombie.
You hit the adder zombie but do no damage.
The adder zombie barely misses you.
A hobgoblin zombie comes into view.
The adder zombie bites you but does no damage.
The orc zombie hits you but does no damage.
You hit the adder zombie.
The adder zombie is heavily damaged.
You barely miss the adder zombie. You barely miss the mummy.
You hit the orc zombie.
The adder zombie bites you but does no damage.
The adder zombie bites you. The orc zombie misses you.
The adder zombie bites you.
The rat zombie sets off the alarm!
The alarm trap emits a blaring wail!
The mark upon you grows brighter.
You barely miss the adder zombie.
The adder zombie is heavily damaged.
You closely miss the adder zombie. You hit the mummy. You hit the orc zombie.
You destroy the orc zombie!
The adder zombie bites you but does no damage.
The adder zombie barely misses you.
The adder zombie bites you but does no damage.
You barely miss the adder zombie.
The adder zombie is heavily damaged.
You hit the centaur zombie but do no damage.
You hit the mummy. You hit the adder zombie. The centaur zombie hits you.
* * * LOW HITPOINT WARNING * * *
The adder zombie bites you.
* * * LOW HITPOINT WARNING * * *
The adder zombie bites you but does no damage.
The mummy hits you but does no damage. The centaur zombie barely misses you.
You hit the adder zombie but do no damage.
The adder zombie is heavily damaged.
You barely miss the adder zombie. You barely miss the mummy.
You hit the centaur zombie but do no damage.
The adder zombie misses you. The adder zombie closely misses you.
The centaur zombie hits you but does no damage.
You slash the adder zombie!
The adder zombie is almost destroyed.
You hit the adder zombie but do no damage.
You barely miss the mummy. You slash the centaur zombie!
The centaur zombie hits you.
* * * LOW HITPOINT WARNING * * *
The adder zombie misses you.
The adder zombie bites you but does no damage.
The mummy closely misses you.
You feel yourself speed up. The centaur zombie hits you.
* * * LOW HITPOINT WARNING * * *
The adder zombie bites you.
You die...

░....................░
░....................░
░........8..8........░
░....................░
░...▓▓▓▓▓▓.^▓▓▓▓▓▓...░
░...▓ ▓..▓ ▓...░ ░...▓
▓Z.▓ ▓...░
░...▓.▓▓▓▓Z.▓▓▓▓.▓...░
░...▓ZMZZ@ZZ.....▓...░
░...▓Z▓▓▓▓MZ.....▓...░
░...▓ ▓ZZ.....▓...░
░...▓ ▓.......▓...░
░...▓ ▓.∩.....▓...░
░...▓ ....+▓▓▓▓...░
░...▓ ▓...▓ ▓...░
░...▓ ...▓ ▓...░
░...▓▓▓▓▓▓▓▓▓▓▓▓▓▓...░


You could see 2 mummies, 2 adder zombies, 3 rat zombies, 2 goblin zombies, 2
hobgoblin zombies and 2 centaur zombies.

Vanquished Creatures
  4 hobgoblin zombies (Ossuary)
  11 kobold zombies (Ossuary)
  7 orc zombies (Ossuary)
  A rat zombie (Ossuary)
23 creatures vanquished.

Notes
Turn   | Place    | Note
-------+----------+-------------------------------------------
     0 | D:5      | vt the Hill Orc Delver began the quest for the Orb.
     0 | D:5      | Reached XP level 1. HP: 19/19 MP: 1/1
    12 | D:5      | Found a sand-covered staircase.
    16 | Ossuary  | Entered an ossuary
    38 | Ossuary  | Reached skill level 3 in Axes
    73 | Ossuary  | Reached XP level 2. HP: 18/26 MP: 2/2
   206 | Ossuary  | Reached skill level 4 in Axes
   217 | Ossuary  | HP: 2/26 [centaur zombie (6)]
   217 | Ossuary  | Slain by an adder zombie

Illustrated notes

Levels and vault maps discovered:
D:5:      layout_loops_ring, enter_ossuary_5, minivault_23,
          minmay_hollow_rounded_squares, uniq_sigmund
Ossuary:  ossuary_tomb_1

Skill      XL: |  1  2 |
---------------+-------+-----
Axes           | 3 4 |  4.0
Fighting       | |  3.6
Dodging        | |  1.6
Stealth        | |  4.1

Action                   || total
-------------------------++-------
Melee: Hand axe          ||    60
  Use: Scroll            ||     1
       Potion            ||     1
Armor: Leather armour    ||    25
Dodge: Dodged            ||    33

Table legend: (Time is in decaauts)
 A = Elapsed time spent in this place.
 B = Non-inter-level travel time spent in this place.
 C = Inter-level travel time spent in this place.
 D = Time resting spent in this place.
 E = Time spent auto-exploring this place.
 F = Levels seen in this place.
 G = Mean time per level.
                   A        B        C        D        E       F      G
               +--------+--------+--------+--------+--------+-----+--------+
         Total |    255 |    255 |      0 |      0 |      0 |   2 |  127.5 |
       Dungeon |     16 |     16 |      0 |      0 |      0 |   1 |   16.0 |
       Ossuary |    239 |    239 |      0 |      0 |      0 |   1 |  239.0 |
               +--------+--------+--------+--------+--------+-----+--------+

Top non-repeatable levels by time:
 Ossuary: 239 daAuts
     D:5: 16 daAuts

Table legend:
 A = Kills in this place as a percentage of kills in entire the game.
 B = Kills by you in this place as a percentage of kills by you in the entire game.
 C = Kills by friends in this place as a percentage of kills by friends in the entire game.
 D = Other kills in this place as a percentage of other kills in the entire game.
 E = Experience gained in this place as a percentage of experience gained in the entire game.
 F = Experience gained in this place divided by the number of levels of this place that you have seen.
                   A       B       C       D       E      F
               +-------+-------+-------+-------+-------+----------------------
         Total | 100.0 | 100.0 |   N/A |   N/A | 100.0 |  11.5
       Ossuary | 100.0 | 100.0 |   N/A |   N/A | 100.0 |  23.0
               +-------+-------+-------+-------+-------+----------------------
